 Dungeon Sprint DCSS version 0.16-a0-3761-g2321f2b (console) character file.

3367 Monkaria the Brawler (level 9, -3/100 HPs)
             Began as a Troll Monk on Jan 24, 2015.
             Slain by a trapdoor spider (19 damage)
             ... in the Dungeon (Sprint I: "Red Sonja").
             The game lasted 00:03:05 (582 turns).

Monkaria the Brawler (Troll Monk)                    Turns: 582, Time: 00:03:05

Health: -3/100     AC:  5    Str: 24    XL:     9   Next: 73%
Magic:  4/4        EV: 13    Int:  6    God:
Gold:   343        SH:  0    Dex: 12    Spells: 0 memorised, 8 levels left

rFire  . . .     SeeInvis .       - Unarmed
rCold  . . .     Clarity  .     a - +0 robe
rNeg   . . .     SustAb   .     (shield restricted)
rPois  .         Gourm    +     (helmet restricted)
rElec  .         Spirit   .     (no cloak)
rCorr  .         Warding  .     (gloves unavailable)
rMut   .         NoTele   +     (boots unavailable)
MR     .....                    (no amulet)
Stlth  +.........               (no ring)
                                (no ring)

@: lethally poisoned, not resistant to hostile enchantments, very unstealthy
A: unfitting armour, claws 3, fast metabolism 3, gourmand, regeneration 2,
shaggy fur 1, tough skin 2
a: no special abilities


You were in the Dungeon.
You were very full.

You visited 1 branch You collected 595 gold pieces.
You spent 252 gold pieces at shops.

Inventory:

Armour
 a - a +0 robe (worn)
Magical devices
 i - a wand of slowing (23)
 j - a wand of slowing (5)
Scrolls
 h - a scroll of blinking
 l - a scroll of remove curse {unknown}
Potions
 c - 2 potions of curing
 d - a potion of heal wounds
 e - a potion of haste
 f - 2 potions of magic
 m - a potion of agility
 n - a potion of flight
 o - a potion of ambrosia
Comestibles
 b - 2 meat rations
 k - a chunk of flesh


   Skills:
 + Level 9.6 Fighting
 - Level 8.4 Dodging
 - Level 1.1 Stealth
 - Level 16.9 Unarmed Combat


You had 8 spell levels left.
You didn't know any spells.

Dungeon Overview and Level Annotations

Branches:
Dungeon (1/1)

Altars:
Cheibriados
Dithmenos
Elyvilon
Fedhas
Gozag
Kikubaaqudgha
Makhleb
Nemelex Xobeh
Okawaru
Qazlal
Ru
Sif Muna
Trog
Vehumet
Xom
Yredelemnul
Zin
The Shining One
Jiyva

Shops:
D !


Innate Abilities, Weirdness & Mutations

You are too large for most types of armour.
You have claws for hands.
Your metabolism is lightning-fast.
You like to eat raw meat.
You heal very quickly.
You are covered in fur (AC +1).
You have very tough skin (AC +2).


Message History

You feel very sick.
The trapdoor spider bites you but does no damage.
You claw the trapdoor spider!
The trapdoor spider is moderately wounded.
You feel sick. The trapdoor spider bites you!
You closely miss the trapdoor spider. Your claw misses the trapdoor spider.
The trapdoor spider is moderately wounded.
You feel sick. The trapdoor spider barely misses you.
You barely miss the trapdoor spider.
The trapdoor spider is moderately wounded.
You feel sick. The trapdoor spider bites you!
* * * LOW HITPOINT WARNING * * *
You are lethally poisoned!
The trapdoor spider poisons you!
You scratch the trapdoor spider.
The trapdoor spider is heavily wounded.
* * * LOW HITPOINT WARNING * * *
You feel very sick. The trapdoor spider bites you!!
You die...

.'..._#≈§≈.§#§§#
##_.#+##+#####'###
###+# #.'.# #
###.# #§# #§# #§#
+§# #@# #s# +.#
###


You could see a trapdoor spider.

Vanquished Creatures
  2 centaur warriors (D)
  An oklob plant (D)
  2 kobold demonologists (D)
  A slime creature (D)
  3 trapdoor spiders (D)
  A yak (D)
  A wasp (D)
  An ogre (D)
  Sigmund (D)
  A jelly (D)
  Ijyb (D)
  A giant eyeball (D)
16 creatures vanquished.

Notes
Turn   | Place    | Note
--------------------------------------------------------------
     0 | D        | Monkaria, the Troll Monk, began the quest for the Orb.
     0 | D        | Reached XP level 1. HP: 22/22 MP: 1/1
     2 | D        | Noticed Ijyb
    16 | D        | Killed Ijyb
    16 | D        | Reached skill level 6 in Unarmed Combat
    16 | D        | Reached XP level 2. HP: 29/29 MP: 1/1
    97 | D        | Noticed an ogre
   105 | D        | Killed an ogre
   105 | D        | Reached skill level 9 in Unarmed Combat
   105 | D        | Reached XP level 3. HP: 26/36 MP: 2/2
   105 | D        | Reached XP level 4. HP: 31/44 MP: 2/2
   135 | D        | Noticed Sigmund
   145 | D        | Killed Sigmund
   145 | D        | Reached skill level 11 in Unarmed Combat
   145 | D        | Reached XP level 5. HP: 30/50 MP: 2/2
   187 | D        | Found a deep blue altar of Sif Muna.
   188 | D        | Noticed a jelly
   189 | D        | Found a radiant altar of Vehumet.
   195 | D        | Killed a jelly
   216 | D        | Found Xauriy's Distillery.
   216 | D        | Found a white marble altar of Elyvilon.
   216 | D        | Found a stormy altar of Qazlal.
   216 | D        | Found a basalt altar of Yredelemnul.
   216 | D        | Found an iron altar of Okawaru.
   216 | D        | Found a sparkling altar of Nemelex Xobeh.
   216 | D        | Found a shimmering altar of Xom.
   216 | D        | Found an ancient bone altar of Kikubaaqudgha.
   216 | D        | Noticed a yak
   217 | D        | Found a burning altar of Makhleb.
   217 | D        | Found a sacrificial altar of Ru.
   217 | D        | Found a glowing golden altar of the Shining One.
   217 | D        | Found an opulent altar of Gozag.
   217 | D        | Found a glowing silver altar of Zin.
   221 | D        | Killed a yak
   221 | D        | Reached skill level 13 in Unarmed Combat
   221 | D        | Reached XP level 6. HP: 35/59 MP: 3/3
   222 | D        | Found a bloodstained altar of Trog.
   227 | D        | Bought a potion of agility for 56 gold pieces
   227 | D        | Bought a potion of flight for 42 gold pieces
   227 | D        | Bought a potion of curing for 42 gold pieces
   227 | D        | Bought a potion of ambrosia for 112 gold pieces
   267 | D        | Found a snail-covered altar of Cheibriados.
   267 | D        | Found a viscous altar of Jiyva.
   267 | D        | Found a shadowy altar of Dithmenos.
   267 | D        | Found a blossoming altar of Fedhas.
   267 | D        | Noticed a slime creature
   273 | D        | Killed a slime creature
   273 | D        | Reached XP level 7. HP: 53/75 MP: 3/3
   324 | D        | Noticed a kobold demonologist
   325 | D        | Noticed a kobold demonologist
   326 | D        | Paralysed by a giant eyeball for 4 turns
   331 | D        | Noticed a blue devil
   332 | D        | Noticed a hellwing
   332 | D        | Killed a kobold demonologist
   342 | D        | Killed a kobold demonologist
   342 | D        | Reached XP level 8. HP: 57/83 MP: 3/3
   399 | D        | Noticed a centaur warrior
   399 | D        | Noticed a centaur warrior
   408 | D        | Killed a centaur warrior
   408 | D        | Reached skill level 15 in Unarmed Combat
   414 | D        | Killed a centaur warrior
   414 | D        | Reached skill level 16 in Unarmed Combat
   414 | D        | Reached XP level 9. HP: 56/89 MP: 4/4
   492 | D        | Noticed a wasp
   495 | D        | Killed a wasp
   506 | D        | Noticed an oklob plant
   510 | D        | Killed an oklob plant
   563 | D        | Noticed a trapdoor spider
   567 | D        | Killed a trapdoor spider
   570 | D        | Noticed a trapdoor spider
   573 | D        | Killed a trapdoor spider
   576 | D        | Noticed a trapdoor spider
   577 | D        | Killed a trapdoor spider
   577 | D        | Noticed a trapdoor spider
   582 | D        | Slain by a trapdoor spider

Action                   |  1- 3 |  4- 6 |  7- 9 || total
-------------------------+-------+-------+-------++-------
Melee: Unarmed           |    19 |    16 |    38 ||    73
  Use: Potion            |       |       |     1 ||     1
 Stab: Sleeping          |     1 |       |     1 ||     2
  Eat: Chunk             |     1 |     7 |     3 ||    11
